 Dungeon Crawl Stone Soup version 0.28-a0-46-g7b1be97da7 (webtiles) character file.

Game seed: 10120300779007449551

35 Mesmaeker13 the Grasshopper (level 3, 0/30 HPs)
             Began as a Ghoul Warper on July 30, 2021.
             Slain by a shadow imp (3 damage)
             ... summoned by Natasha
             ... on level 2 of the Dungeon.
             The game lasted 00:02:11 (1699 turns).

Mesmaeker13 the Grasshopper (Ghoul Warper)          Turns: 1699, Time: 00:02:12

Health: 0/30       AC:  9    Str: 15    XL:     3   Next: 33%
Magic:  4/4        EV: 10    Int:  8    God:
Gold:   66         SH:  0    Dex:  8    Spells: 5/5 levels left

rFire   . . .      SeeInvis .     - Unarmed
rCold   + . .      Faith    .   (no shield)
rNeg    + + +      Spirit   .   h - +0 ring mail
rPois   ∞          Reflect  .   a - +0 helmet
rElec   .          Harm     .   (no cloak)
rCorr   .          Rampage  .   f - +2 pair of gloves
Will    .....                   (no boots)
Stlth   ..........              (no amulet)
HPRegen 0.00/turn               (no ring)
MPRegen 0.09/turn               (no ring)

@: inhibited regen
A: claws 1, cold resistance 1, negative energy resistance 3, inhibited
regeneration, torment resistance 2
a: no special abilities


You were on level 2 of the Dungeon.
You visited 1 branch of the dungeon, and saw 2 of its levels.

You collected 66 gold pieces.

Inventory:

Missiles
 c - 5 boomerangs of dispersal (quivered)
Armour
 a - a +0 helmet (worn)
 f - a +2 pair of gloves (worn)
 h - a +0 ring mail (worn)
Scrolls
 b - a scroll of blinking
 e - 2 scrolls of identify
 g - a scroll of amnesia
 i - a scroll of teleportation {unknown}
Potions
 d - 2 potions of mutation


   Skills:
 + Level 2.7 Fighting
 - Level 0.8 Throwing
 + Level 1.5 Armour
 - Level 1.7 Dodging
 + Level 2.7 Unarmed Combat
 - Level 1.7 Spellcasting
 + Level 3.1 Translocations


You had 5 spell levels left.
You didn't know any spells.
Your spell library contained the following spells:

 Spells                   Type           Power      Damage    Failure   Level
 Apportation              Tloc           10%        N/A       21%         1
 Blink                    Tloc           N/A        N/A       30%         2
 Gell's Gravitas          Tloc           2%         N/A       52%         3
 Lesser Beckoning         Tloc           2%         N/A       52%         3
 Teleport Other           Tloc           5%         N/A       52%         3
 Animate Skeleton         Necr           0%         N/A       56%         1
 Corona                   Hex            0%         N/A       56%         1
 Summon Small Mammal      Summ           0%         N/A       56%         1
 Manifold Assault         Tloc           5%         N/A       99%         5


Dungeon Overview and Level Annotations

Branches:
Dungeon (2/15)

Altars:

Shops:
D:2 [

Annotations:
D:2 Natasha


Innate Abilities, Weirdness & Mutations

You thrive by killing the living.
You are immune to poison.
You have sharp fingernails.
Your flesh is cold resistant. (rC+)
You are immune to negative energy. (rN+++)
You do not regenerate when monsters are visible.
You are immune to unholy pain and torment.


Message History

You hit Natasha but do no damage.
Natasha is heavily wounded.
Natasha stares at you and mumbles some strange words.
The magic dart hits you.
* * * LOW HITPOINT WARNING * * *
You hit Natasha.
Natasha is severely wounded.
You feel yourself speed up. Natasha closely misses you. Natasha claws you.
* * * LOW HITPOINT WARNING * * *
You closely miss Natasha.
Natasha is severely wounded.
Natasha claws you but does no damage.
Unknown command.
You closely miss Natasha.
Natasha is severely wounded.
Natasha casts a spell at you. You resist with significant effort.
You hit Natasha but do no damage.
Natasha is severely wounded.
Natasha claws you but does no damage.
You closely miss Natasha.
Natasha is severely wounded.
You barely miss Natasha.
Natasha is severely wounded.
Natasha claws you but does no damage.
You closely miss Natasha.
Natasha is severely wounded.
Natasha growls.
Natasha barely misses you.
Your ring mail prevents you from hitting Natasha.
Natasha is severely wounded.
Natasha mumbles some strange words.
You hit Natasha.
Natasha is almost dead.
Natasha barely misses you.
You barely miss Natasha.
Natasha is almost dead.
The shadow imp hits you.
You die...

.##.#.############.....#
###>#.### #.....#
#.#...# ###.#.# #.#.#.#
#.#.# #######.# #.#.#
≈≈≈≈≈≈#.# #.#†#
........# #.#.#
≈≈≈≈≈≈### #########...#
####### #...5@h.....#
#.#########.. #.# ##.#
#.# .# #.# .# #.# .# #.#
.# ####.# #....#


You could see Natasha and a shadow imp (summoned).

Vanquished Creatures
  A dart slug (D:1)
  2 bats
  5 endoplasms
  A giant cockroach (D:1)
  3 hobgoblins
  2 jackals (D:2)
  2 kobolds
  2 quokkas (D:1)
  2 ball pythons (D:1)
  5 frilled lizards
  3 goblins
  2 rats
30 creatures vanquished.

Notes
Turn   | Place    | Note
-------+----------+-------------------------------------------
     0 | D:1      | Mesmaeker13 the Ghoul Warper began the quest for the Orb.
     0 | D:1      | Reached XP level 1. HP: 17/17 MP: 2/2
   144 | D:1      | Reached skill level 1 in Armour
   193 | D:1      | Reached XP level 2. HP: 18/25 MP: 3/3
  1134 | D:2      | Reached skill level 3 in Translocations
  1135 | D:2      | Reached XP level 3. HP: 25/30 MP: 4/4
  1318 | D:2      | Found Rummumm's Armour Shop.
  1378 | D:2      | Noticed a black bear
  1672 | D:2      | Noticed Natasha
  1699 | D:2      | Slain by a shadow imp

Illustrated notes

Levels and vault maps discovered:
D:1:      lightli_arrival_maybe_door_vault, layout_basic
D:2:      layout_loops_ring, serial_shops, shop, chequers_serial_rivers_micro_b,
          dk_noncrumbling_4, amcnicky_mini_rare_corridor_liquid, uniq_natasha,
          uniq_sigmund, uniq_crazy_yiuf_cottage

Skill      XL: |  1  2 |
---------------+-------+-----
Armour         | 1 |  1.5
Translocations | 3 |  3.1
Fighting       | |  2.7
Throwing       | |  0.8
Dodging        | |  1.7
Unarmed Combat | |  2.7
Spellcasting   | |  1.7

Action                   || total
-------------------------++-------
Melee: Unarmed           ||   126
       Punch             ||     3
  Use: Scroll            ||     2
Armor: Leather armour    ||    11
       Ring mail         ||    39
Dodge: Dodged            ||    57

Table legend: (Time is in decaauts)
 A = Elapsed time spent in this place.
 B = Non-inter-level travel time spent in this place.
 C = Inter-level travel time spent in this place.
 D = Time resting spent in this place.
 E = Time spent auto-exploring this place.
 F = Levels seen in this place.
 G = Mean time per level.
                   A        B        C        D        E       F      G
               +--------+--------+--------+--------+--------+-----+--------+
         Total |   1699 |   1559 |    140 |    183 |   1020 |   2 |  849.5 |
       Dungeon |   1699 |   1559 |    140 |    183 |   1020 |   2 |  849.5 |
               +--------+--------+--------+--------+--------+-----+--------+

Top non-repeatable levels by time:
     D:1: 1233 daAuts
     D:2: 466 daAuts
